 Dungeon Crawl Stone Soup version 0.30-a0-137-gd8773701ce (webtiles) character file.

Game seed: 9265267514834791663

8618 jasper the Carver (level 11, -7/130 HPs)
             Began as a Demonspawn Berserker on Sept 23, 2022.
             Was a High Priest of Trog.
             Mangled by Snorg (12 damage)
             ... on level 10 of the Dungeon.
             The game lasted 00:17:38 (8201 turns).

jasper the Carver (Demonspawn Berserker)            Turns: 8201, Time: 00:17:38

Health: -7/130     AC: 10    Str: 26    XL:     11   Next: 12%
Magic:  11/11      EV: 10    Int: 14    God:    Trog [*****.]
Gold:   633        SH:  0    Dex: 15    Spells: 10/10 levels left

rFire   x . .      SeeInvis .    y - +7 long sword "Ojesauv" {freeze, rF- Str+6 Int+6}
rCold   . . .      Faith    .    (no shield)
rNeg    . . .      Spirit   .    G - +0 chain mail
rPois   .          Reflect  .    (helmet restricted)
rElec   .          Harm     .    (no cloak)
rCorr   .          Rampage  .    (no gloves)
Will    .....                    r - +0 pair of boots
Stlth   ..........               p - amulet of Vitality {RegenMP++ Regen++}
HPRegen 1.91/turn                (no ring)
MPRegen 0.92/turn                (no ring)

@: mighty, berserking, very quick
A: horns 2, ignite blood 1, powered by pain 1, sturdy frame 1
a: Renounce Religion, Berserk, Trog's Hand, Brothers in Arms


You were on level 10 of the Dungeon.
You worshipped Trog.
Trog was extremely pleased with you.
You visited 2 branches of the dungeon, and saw 11 of its levels.

You collected 633 gold pieces.

Inventory:

Hand Weapons
 a - a +1 falchion
 o - a +0 sling
 u - a +5 scimitar
 w - a +0 rapier
 y - the +7 long sword "Ojesauv" (weapon) {freeze, rF- Str+6 Int+6}
   (You took it off a wight on level 5 of the Dungeon)

   It freezes those it strikes, dealing additional cold damage.
   It can also slow down cold-blooded creatures.
   Str:       It affects your strength (+6).
   Int:       It affects your intelligence (+6).
   rF:        It makes you vulnerable to fire.
 D - a +0 great sword
Missiles
 f - 39 stones
 g - 6 poisoned darts
 k - 12 boomerangs (quivered)
 q - 3 boomerangs of dispersal
Armour
 b - a +0 animal skin
 l - a +0 pair of boots
 m - a +0 leather armour
 r - a +0 pair of boots (worn)
 t - a +0 ring mail
 G - a +0 chain mail (worn)
Jewellery
 c - an amulet of the acrobat
 p - the amulet of Vitality (around neck) {RegenMP++ Regen++}
   (You acquired it on level 4 of the Dungeon)

   [amulet of magic regeneration]

   It increases your rate of magic regeneration.
   Regen:     It increases your rate of health regeneration.
 A - an amulet of faith
Wands
 i - a wand of quicksilver (10)
 B - a wand of iceblast (3)
 C - a wand of digging (8)
 H - a wand of flame (27)
Scrolls
 h - 3 scrolls of teleportation
 x - a scroll of enchant weapon
 z - 4 scrolls of blinking
 I - a scroll of butterflies {unknown}
 J - a scroll of immolation
Potions
 d - 3 potions of might
 e - 2 potions of magic
 j - a potion of ambrosia
 n - a potion of berserk rage
 s - 3 potions of degeneration
 v - 3 potions of curing
 E - a potion of brilliance
 F - a potion of haste


   Skills:
 + Level 8.5 Fighting
 - Level 14.0 Long Blades
 + Level 2.5 Armour
 + Level 2.6 Dodging
 + Level 0.8 Evocations


You had 10 spell levels left.
You didn't know any spells.
Your spell library was empty.

Dungeon Overview and Level Annotations

Branches:
Dungeon (10/15)            Temple (1/1) D:6
   Lair: D:8-11         Orc: D:9-12

Altars:
Dithmenos
Qazlal
Vehumet
Yredelemnul

Shops:
D:1 ([?

Annotations:
D:10 Snorg


Innate Abilities, Weirdness & Mutations

You have a pair of horns on your head.
Your demonic aura sometimes causes spilled blood to erupt in flames.
You sometimes gain a little power by taking damage.
Your movements are slightly less encumbered by armour. (ER -2)


Message History

A red film seems to cover your vision as you go berserk!
You feel yourself moving faster!
You feel mighty! Snorg bites you! Snorg barely misses you. Snorg claws you!
Snorg is engulfed in blazing flames.
Snorg bites you!!
You focus on the pain.
You feel very mighty all of a sudden. Snorg claws you but does no damage.
Snorg barely misses you.
You now have 70/130 hp.
Found a robe and 2 stones.
Found a shadowy altar of Dithmenos.
You feel a strong urge to attack something.
Snorg is engulfed in blazing flames.
Snorg closely misses you. Snorg barely misses you. x2
You regained 2 hp, and now have 72/130 hp.
You slice Snorg!! You freeze Snorg. You headbutt Snorg!!
Snorg is heavily wounded.
Snorg is engulfed in blazing flames.
Snorg bites you! Snorg claws you!
You focus on the pain.
You feel mightier all of a sudden. Snorg claws you but does no damage.
You take 21 damage, and have 51/130 hp.
You slice Snorg!! You freeze Snorg.
Snorg is severely wounded.
You barely miss Snorg.
Snorg is severely wounded.
Snorg is engulfed in blazing flames.
Snorg bites you but does no damage. Snorg claws you. Snorg claws you!
* * * LOW HITPOINT WARNING * * *
You take 13 damage, and have 38/130 hp.
You barely miss Snorg.
Snorg is severely wounded.
Snorg is engulfed in blazing flames.
Snorg bites you!
* * * LOW HITPOINT WARNING * * *
Snorg barely misses you. Snorg claws you!
* * * LOW HITPOINT WARNING * * *
You take 29 damage, and have 9/130 hp.
MASSIVE DAMAGE!!
You slice Snorg!! You freeze Snorg.
Snorg is almost dead.
Snorg is engulfed in blazing flames.
Snorg bites you.
* * * LOW HITPOINT WARNING * * *
Snorg claws you!
You die...

#...#...... #..<#......
#...#......
##############...#......
............####'#######
............#......#....
............'......#....
......°.....#......#....
......T@....#...##.##.##
#####○°○....#...##†##.##
..........#...........
.[.....##...'...........
.........#.####...>.....
...........# #.##.##.##
+...... .. #.##'##.##
....#(. ._ #.........
#.........


You could see Snorg (berserk).

Vanquished Creatures
  3 death yaks (D:10)
  A cyclops (D:9)
  2 unseen horror zombies (D:8)
  Psyche (D:9)
  A troll (D:6)
  A hornet (D:10)
  Sigmund (D:4)
  A shadow (D:8)
  4 vampire mosquitoes (D:7)
  Menkaure (D:6)
  A water moccasin (D:7)
  3 ice beasts
  A hornet zombie (D:8)
  4 orc warriors
  A sky beast (D:6)
  4 ogres
  3 centaurs
  A phantom (D:6)
  3 bullfrogs
  3 wyvern zombies (D:8)
  A necrophage (D:6)
  3 scorpions (D:5)
  15 wights
  10 killer bees
  A howler monkey (D:6)
  A centaur zombie (D:8)
  4 orc priests
  2 hounds (D:7)
  A gnoll bouda (D:6)
  3 jellies
  3 iguanas
  Natasha (thrice) (D:4)
  6 orc wizards
  5 hell rats (D:10)
  A killer bee zombie (D:8)
  A howler monkey zombie (D:8)
  7 gnolls
  9 adders
  A river rat (D:10)
  3 white imps (D:6)
  An ufetubus (D:5)
  A worm (D:2)
  2 dart slugs
  44 orcs
  5 endoplasms
  4 giant cockroaches
  6 goblins
  8 hobgoblins
  2 kobolds
  2 quokkas (D:2)
  6 ball pythons
  6 bats
  4 frilled lizards
  7 rats
218 creatures vanquished.

Vanquished Creatures (others)
  A withered plant (D:8)
1 creature vanquished.

Grand Total: 219 creatures vanquished

Notes
Turn   | Place    | Note
-------+----------+-------------------------------------------
     0 | D:1      | jasper the Demonspawn Berserker began the quest for the
                  | Orb.
     0 | D:1      | Reached XP level 1. HP: 18/18 MP: 1/1
   128 | D:1      | Found Huashridd's Magic Scroll Emporium.
   426 | D:1      | Gained mutation: You have a pair of small horns on your
                  | head. [demonic ancestry]
   426 | D:1      | Reached XP level 2. HP: 23/24 MP: 2/2
   467 | D:1      | Reached skill level 3 in Long Blades
   740 | D:1      | Found Yhatz's Weapon Boutique.
   835 | D:1      | Found Wixipt's Antique Armour Emporium.
  1390 | D:2      | Gained mutation: You sometimes gain a little power by
                  | taking damage. [demonic ancestry]
  1390 | D:2      | Reached XP level 3. HP: 14/29 MP: 3/3
  1847 | D:2      | Found a faded altar of an unknown god.
  2003 | D:2      | Reached ** piety under Trog
  2353 | D:3      | Gained mutation: Your demonic aura sometimes causes spilled
                  | blood to erupt in flames. [demonic ancestry]
  2353 | D:3      | Reached XP level 4. HP: 35/35 MP: 4/4
  2404 | D:4      | Noticed Natasha
  2408 | D:4      | Noticed an ice beast
  2413 | D:4      | Killed Natasha
  2424 | D:4      | Killed an ice beast
  2425 | D:4      | Reached skill level 4 in Long Blades
  2425 | D:4      | Reached XP level 5. HP: 24/42 MP: 5/5
  2739 | D:4      | Identified a scroll of acquirement
  2739 | D:4      | Acquired the amulet of Vitality {RegenMP++ Regen++}
  2739 | D:4      | Found the amulet of Vitality {RegenMP++ Regen++}
  2910 | D:4      | Noticed Sigmund
  2922 | D:4      | Killed Sigmund
  2923 | D:4      | Reached skill level 5 in Long Blades
  2923 | D:4      | Reached XP level 6. HP: 48/49 MP: 6/6
  3307 | D:4      | Noticed Natasha
  3320 | D:4      | Killed Natasha
  3378 | D:4      | Noticed Natasha
  3488 | D:4      | Killed Natasha
  3618 | D:5      | Entered Level 5 of the Dungeon
  3754 | D:5      | Reached skill level 5 in Fighting
  3754 | D:5      | Reached XP level 7. HP: 54/56 MP: 7/7
  3791 | D:5      | Reached skill level 6 in Long Blades
  3985 | D:5      | Reached skill level 7 in Long Blades
  4010 | D:5      | Identified the +7 long sword "Ojesauv" {freeze, rF- Str+6
                  | Int+6}
  4022 | D:5      | Reached XP level 8. HP: 64/64 MP: 8/8
  4693 | D:6      | Reached skill level 8 in Long Blades
  4821 | D:6      | Reached *** piety under Trog
  4887 | D:6      | Noticed a troll
  5117 | D:6      | Found a staircase to the Ecumenical Temple.
  5121 | D:6      | Noticed Menkaure
  5128 | D:6      | Killed Menkaure
  5209 | D:6      | Reached skill level 9 in Long Blades
  5335 | D:6      | Killed a troll
  5336 | D:6      | Gained mutation: You have a pair of horns on your head.
                  | [demonic ancestry]
  5336 | D:6      | Reached XP level 9. HP: 72/72 MP: 9/9
  5445 | Temple   | Entered the Ecumenical Temple
  5801 | D:7      | Reached skill level 10 in Long Blades
  6150 | D:8      | Reached **** piety under Trog
  6263 | D:8      | Reached skill level 11 in Long Blades
  6343 | D:8      | Gained mutation: Your movements are slightly less
                  | encumbered by armour. (ER -2) [demonic ancestry]
  6343 | D:8      | Reached XP level 10. HP: 74/80 MP: 10/10
  6546 | D:8      | Reached skill level 12 in Long Blades
  7021 | D:8      | Found a radiant altar of Vehumet.
  7190 | D:8      | Found a stormy altar of Qazlal.
  7305 | D:9      | Noticed a cyclops
  7313 | D:9      | Reached ***** piety under Trog
  7313 | D:9      | Killed a cyclops
  7404 | D:9      | Reached skill level 13 in Long Blades
  7544 | D:9      | Noticed Psyche
  7580 | D:9      | Killed Psyche
  7864 | D:10     | Entered Level 10 of the Dungeon
  8087 | D:10     | Noticed a death yak
  8090 | D:10     | Noticed a death yak
  8105 | D:10     | Noticed a death yak
  8107 | D:10     | Killed a death yak
  8112 | D:10     | Killed a death yak
  8113 | D:10     | Reached XP level 11. HP: 65/87 MP: 11/11
  8116 | D:10     | Killed a death yak
  8117 | D:10     | Reached skill level 14 in Long Blades
  8190 | D:10     | Noticed Snorg
  8196 | D:10     | Found a shadowy altar of Dithmenos.
  8201 | D:10     | HP: 5/130 [Snorg (5)]
  8201 | D:10     | Mangled by Snorg

Illustrated notes

Levels and vault maps discovered:
D:1:      dpeg_arrival_rooms_a, layout_basic, serial_shops, shop, shop,
          shop_fountains
D:2:      layout_basic, shapermc_ecumenical_altar_notcrosses
D:3:      lemuel_castle_with_subvaults [lemuel_castle_interior_carwin_3],
          layout_basic, lightli_temple_of_fire, gup_sewer_entry_glass,
          hangedman_abyss_or_decor_lesser_grid
D:4:      layout_cave_pods, uniq_natasha, uniq_sigmund
D:5:      layout_basic, minmay_fractal_squares_gapless_5
D:6:      hangedman_cross_stitches, layout_basic,
          minmay_temple_entry_water_ring, grunt_decor_junction, uniq_menkaure
D:7:      layout_gridville
D:8:      layout_basic, mainiacjoe_overflow_alcove_2, mainiacjoe_overflow_swirl,
          enter_bailey_3, serial_undead, serial_undead_a, serial_undead_f,
          serial_undead_e, serial_undead_d, serial_undead_d, serial_undead_e,
          special_room [special_room_orc]
D:9:      layout_rooms, uniq_psyche
D:10:     cheibrodos_two_vegetables, layout_gridville, hangedman_ru_absence,
          mainiacjoe_overflow_alcove_1, dpeg_lair_monsters, nooodl_orcs_dogs,
          uniq_gastronok, uniq_nergalle, uniq_snorg, uniq_maurice
Temple:   nicolae_temple_bog_church

Skill      XL: |  1  2  3  4  5  6  7  8  9 10 11 |
---------------+----------------------------------+-----
Dodging        | 2 |  2.6
Long Blades    | 3 4 5 7 9 11 13 14 | 14.0
Armour         | 2 |  2.5
Fighting       | 4 5 7 8 |  8.5
Evocations     | |  0.8

Action                   |  1- 3 |  4- 6 |  7- 9 | 10-12 || total
-------------------------+-------+-------+-------+-------++-------
Melee: Falchion          |   113 |    89 |    87 |       ||   289
       Headbutt          |     9 |    14 |    39 |    32 ||    94
       Punch             |     3 |       |     3 |     1 ||     7
       Long sword        |       |       |   144 |   168 ||   312
       Unarmed           |       |       |       |    15 ||    15
 Fire: Sling             |       |     2 |       |       ||     2
Throw: Dart              |     5 |     1 |       |       ||     6
       Stone             |     5 |       |     3 |       ||     8
       Boomerang         |       |       |     2 |     4 ||     6
Invok: Berserk           |     1 |     4 |     3 |     3 ||    11
       Trog's Hand       |       |     2 |     2 |     2 ||     6
Evoke: Wand              |       |       |     6 |    10 ||    16
  Use: Scroll            |     2 |     5 |    12 |     2 ||    21
       Potion            |       |       |       |     2 ||     2
Armor: Animal skin       |    27 |       |       |       ||    27
       Leather armour    |     8 |    21 |       |       ||    29
       Ring mail         |       |     3 |    54 |    34 ||    91
       Chain mail        |       |       |       |    22 ||    22
Dodge: Dodged            |    97 |    39 |   141 |   132 ||   409

Table legend: (Time is in decaauts)
 A = Elapsed time spent in this place.
 B = Non-inter-level travel time spent in this place.
 C = Inter-level travel time spent in this place.
 D = Time resting spent in this place.
 E = Time spent auto-exploring this place.
 F = Levels seen in this place.
 G = Mean time per level.
                   A        B        C        D        E       F      G
               +--------+--------+--------+--------+--------+-----+--------+
         Total |   8257 |   7945 |    312 |   1153 |   4877 |  11 |  750.6 |
       Dungeon |   8255 |   7943 |    312 |   1153 |   4877 |  10 |  825.5 |
        Temple |      1 |      1 |      0 |      0 |      0 |   1 |    1.0 |
               +--------+--------+--------+--------+--------+-----+--------+

Top non-repeatable levels by time:
     D:2: 1311 daAuts
     D:4: 1246 daAuts
     D:8: 1153 daAuts
     D:5: 1064 daAuts
     D:1: 1049 daAuts
     D:6: 816 daAuts
     D:7: 659 daAuts
     D:9: 615 daAuts
    D:10: 268 daAuts
     D:3: 71 daAuts
  Temple: 1 daAuts
